 Dungeon Crawl Stone Soup version 0.20-a0-535-gc09f9e6 (webtiles) character file.

154 Kaname the Cutter (level 5, -1/35 HPs)
             Began as a Demonspawn Enchanter on Jan 27, 2017.
             Was an Initiate of Vehumet.
             Slain by a slave (9 damage)
             ... led by Pikel
             ... on level 4 of the Dungeon.
             The game lasted 00:13:20 (3748 turns).

Kaname the Cutter (Demonspawn Enchanter)            Turns: 3748, Time: 00:13:20

Health: -1/35      AC:  4    Str:  8    XL:     5   Next: 13%
Magic:  2/8        EV: 12    Int: 17    God:    Vehumet [......]
Gold:   272        SH:  0    Dex: 14    Spells: 2/8 levels left

rFire    . . .     SeeInvis .   a - +1 dagger
rCold    + . .     Gourm    .   b - +0 robe
rNeg     . . .     Faith    .   (no shield)
rPois    .         Spirit   .   (helmet restricted)
rElec    .         Reflect  .   (no cloak)
rCorr    .         Harm     .   (no gloves)
MR       +....                  (no boots)
Stlth    ++........             i - amulet of regeneration
Regen    0.6/turn               y - ring of protection from magic
                                q - +2 ring of protection

@: very slightly contaminated
A: antennae 1, cold resistance 1, rot immunity
a: Renounce Religion


You were on level 4 of the Dungeon.
You worshipped Vehumet.
Vehumet was noncommittal.
You were not hungry.

You visited 1 branch of the dungeon, and saw 4 of its levels.

You collected 272 gold pieces.

Inventory:

Hand Weapons
 a - a +1 dagger (weapon)
 H - a +0 rapier
Missiles
 o - 5 tomahawks (quivered)
Armour
 b - a +0 robe (worn)
Jewellery
 i - an amulet of regeneration (around neck)
 q - a +2 ring of protection (left hand)
 y - a ring of protection from magic (right hand)
 z - an uncursed ring of see invisible
 D - an uncursed ring of resist corrosion
Wands
 F - a wand of polymorph (10/24)
Scrolls
 h - 2 scrolls of teleportation
 j - a scroll of enchant armour {unknown}
 k - a scroll of amnesia {unknown}
 r - a scroll of magic mapping {unknown}
 t - a scroll of fear {unknown}
 v - a scroll of blinking {unknown}
 x - a scroll of immolation {unknown}
 A - a scroll of fog {unknown}
 E - a scroll of enchant weapon {unknown}
Potions
 e - a potion of mutation {unknown}
 g - 2 potions of curing
 l - a potion of ambrosia {unknown}
 n - 2 potions of magic
 p - a potion of cure mutation {unknown}
 s - 2 potions of heal wounds
 u - a potion of berserk rage {unknown}
 B - a potion of beneficial mutation {unknown}
 G - a potion of haste {unknown}
 I - a potion of agility {unknown}
 J - a potion of lignification {unknown}
Books
 c - a book of Maledictions

   Spells                             Type                      Level
   a - Corona                         Hexes                        1
   b - Ensorcelled Hibernation        Hexes/Ice                    2
   c - Confuse                        Hexes                        3
   d - Tukima's Dance                 Hexes                        3
   e - Dazzling Spray                 Conjuration/Hexes            3
Comestibles
 d - 2 bread rations
 f - 4 chunks of flesh
 m - 4 fruits
 w - a royal jelly
 C - a meat ration


   Skills:
 + Level 3.7 Short Blades
 - Level 1.7 Dodging
 - Level 3.0 Stealth
 - Level 2.0 Spellcasting
 - Level 3.0 Hexes
 - Level 2.0 Ice Magic


You had 2 spell levels left.
You knew the following spells:

 Your Spells              Type           Power        Failure   Level  Hunger
a - Corona                Hex            ##.....      6%          1    #......
b - Ensorcelled Hibernat  Hex/Ice        ##....       12%         2    ###....
c - Confuse               Hex            ##......     17%         3    ###....


Dungeon Overview and Level Annotations

Branches:
Dungeon (4/15)
 Temple: D:4-7

Altars:
Elyvilon
Vehumet
Xom

Annotations:
D:4 Pikel


Innate Abilities, Weirdness & Mutations

You have a pair of small antennae on your head.
Your flesh is cold resistant. (rC+)
You are immune to rotting.


Message History

The slave barely misses you.
You hit the slave but do no damage.
The slave is almost dead.
The slave hits you!
You closely miss the slave.
The slave is almost dead.
The slave barely misses you.
You miss the slave.
The slave is almost dead.
The slave hits you.
* * * LOW HITPOINT WARNING * * *
Press: ? - help, v - describe, . - travel
Here: a slave, wearing an animal skin (almost dead)
The floor, spattered with blood.
You hit the slave but do no damage.
The slave is almost dead.
You hit the slave.
The slave is almost dead.
The slave hits you!
You die...

#.####.# #.# ##.##
#.###...#######
..#####.##..........#
........#.......###.#
..#####.##.....###
#.###...##.. #.#
##.###.# #.# #@# #.#
#.# #p# #.# # #(# #.#
#.# ... #.#
#.###.###..### #.#
#....p...).... #.#
#########..### #.# #
#.# ##.######


You could see a slave.

Vanquished Creatures
  A slave (D:3)
  A gnoll (D:2)
  8 adders
  A worm (D:3)
  4 dart slugs
  2 leopard geckos
  5 giant cockroaches
  10 goblins
  6 hobgoblins
  4 jackals (D:1)
  2 kobolds
  3 quokkas
  6 bats
  3 frilled lizards
  7 rats
63 creatures vanquished.

Vanquished Creatures (others)
  A rat (D:3)
1 creature vanquished.

Grand Total: 64 creatures vanquished

Notes
Turn   | Place    | Note
-------+----------+-------------------------------------------
     0 | D:1      | Kaname the Demonspawn Enchanter began the quest for the Orb.
     0 | D:1      | Reached XP level 1. HP: 13/13 MP: 3/3
    37 | D:1      | Reached skill level 1 in Short Blades
   275 | D:1      | Gained mutation: You have a pair of small antennae on your head. [demonic ancestry]
   275 | D:1      | Reached XP level 2. HP: 11/19 MP: 1/5
   312 | D:1      | Learned a level 2 spell: Ensorcelled Hibernation
   695 | D:1      | Reached skill level 1 in Ice Magic
   744 | D:1      | Reached XP level 3. HP: 22/24 MP: 6/6
   899 | D:1      | Learned a level 3 spell: Confuse
  1426 | D:2      | Gained mutation: Your flesh is cold resistant. (rC+) [demonic ancestry]
  1426 | D:2      | Reached XP level 4. HP: 30/30 MP: 4/7
  1528 | D:2      | Found a white marble altar of Elyvilon.
  2146 | D:2      | Found a white marble altar of Elyvilon.
  2584 | D:3      | Found a radiant altar of Vehumet.
  2592 | D:3      | Became a worshipper of Vehumet
  2592 | D:3      | HP: 1/30 [something (14)]
  3194 | D:3      | Found a shimmering altar of Xom.
  3363 | D:3      | Gained mutation: You are immune to rotting. [demonic ancestry]
  3363 | D:3      | Reached XP level 5. HP: 35/35 MP: 8/8
  3571 | D:4      | Noticed a slave
  3604 | D:4      | Noticed Pikel
  3604 | D:4      | Noticed a slave
  3604 | D:4      | Noticed a slave
  3604 | D:4      | Noticed a slave
  3619 | D:3      | Killed a slave
  3748 | D:4      | Slain by a slave

Vault maps used:
D:1:      dpeg_arrival_boxes_within_box
D:2:      nicolae_overflow_hidden_temple, minmay_joined_circles
D:3:      fiery_altar_vehumet, xom_teletrap_fun
D:4:      lemuel_zombie_altar_yredelemnul, uniq_pikel, uniq_duvessa

Skill      XL: |  1  2  3  4 |
---------------+-------------+-----
Short Blades   | 1 2 3 |  3.7
Stealth        | 3 |  3.0
Ice Magic      | 1 2 |  2.0
Dodging        | |  1.7
Spellcasting   | |  2.0
Hexes          | |  3.0

Action                   |  1- 3 |  4- 6 || total
-------------------------+-------+-------++-------
Melee: Dagger            |   144 |   168 ||   312
 Cast: Corona            |     6 |       ||     6
       Ensorcelled Hiber |     4 |    10 ||    14
  Use: Scroll            |       |     7 ||     7
 Stab: Sleeping          |     6 |     8 ||    14
  Eat: Chunk             |     2 |     8 ||    10
Armor: Robe              |    21 |    46 ||    67
Dodge: Dodged            |    70 |   140 ||   210
